 Dungeon Crawl Stone Soup version 0.27.1-34-g3ba077fa99 (webtiles) character file.

Game seed: 3542547101213037243

120 cbfl8 the Shield-Bearer (level 4, 0/41 HPs)
             Began as a Minotaur Fighter on Jan 25, 2022.
             Succumbed to an orc's poison
             ... on level 2 of the Dungeon.
             The game lasted 00:02:54 (1528 turns).

cbfl8 the Shield-Bearer (Minotaur Fighter)          Turns: 1528, Time: 00:02:54

Health: 0/41       AC:  7    Str: 21    XL:     4   Next: 75%
Magic:  3/3        EV:  8    Int:  5    God:
Gold:   32         SH:  9    Dex: 10    Spells: 3/3 levels left

rFire    . . .     SeeInvis .   j - +1 dagger (speed)
rCold    . . .     Faith    .   c - +0 kite shield
rNeg     . . .     Spirit   .   b - +0 scale mail
rPois    .         Reflect  .   (helmet restricted)
rElec    .         Harm     .   (no cloak)
rCorr    .         Rampage  .   (no gloves)
Will     .....                  (no boots)
Stlth    ..........             (no amulet)
HPRegen  0.13/turn              (no ring)
MPRegen  0.08/turn              (no ring)

@: lethally poisoned (0 -> -1), about to teleport
A: horns 2, retaliatory headbutt
a: no special abilities


You were on level 2 of the Dungeon.
You visited 1 branch of the dungeon, and saw 2 of its levels.

You collected 32 gold pieces.

Inventory:

Hand Weapons
 a - a +0 war axe
 j - a +1 dagger of speed (weapon)
 o - a +0 whip of venom
Missiles
 l - 32 bolts
Armour
 b - a +0 scale mail (worn)
 c - a +0 kite shield (worn)
Scrolls
 f - a scroll of enchant weapon {unknown}
 m - 3 scrolls of teleportation
 n - a scroll of fear {unknown}
Potions
 d - a potion of might
 e - a potion of lignification


   Skills:
 + Level 4.4 Fighting
 + Level 0.4 Short Blades
 + Level 3.2 Axes
 + Level 4.5 Armour
 + Level 1.2 Dodging
 + Level 0.1 Stealth
 + Level 4.6 Shields


You had 3 spell levels left.
You didn't know any spells.
Your spell library was empty.

Dungeon Overview and Level Annotations

Branches:
Dungeon (2/15)

Altars:
Makhleb


Innate Abilities, Weirdness & Mutations

You have a pair of horns on your head.
You reflexively headbutt those who attack you in melee.


Message History

You feel very sick.
* * * LOW HITPOINT WARNING * * *
You feel sick.
Things that are here:
a +0 whip of venom; a +0 scale mail
o - a +0 whip of venom
* * * LOW HITPOINT WARNING * * *
You feel very sick.
There is a lethal amount of poison in your body!
There is a lethal amount of poison in your body!
There is a lethal amount of poison in your body!
It was a potion of lignification.
You turn into a tree.
Your +0 scale mail melds into your body.
Your roots penetrate the ground.
You feel sick.
It was a potion of flight.
Your roots keep you in place.
* * * LOW HITPOINT WARNING * * *
You feel sick.
It was a potion of invisibility.
You fade into invisibility!
You feel sick.
You are very lightly contaminated with residual magic.
It was a potion of cancellation.
Your magical effects are unravelling.
You feel magically purged.
Your magical contamination has completely faded away.
You feel less wooden.
Your +0 scale mail unmelds from your body.
You flicker back into view.
* * * LOW HITPOINT WARNING * * *
You feel sick.
Okay, then.
As you read the scroll labelled JOLAIW YMM, it crumbles to dust.
You feel strangely unstable.
It was a scroll of teleportation.
* * * LOW HITPOINT WARNING * * *
You feel sick.
Unknown command.
As you read the scroll labelled XOLITO QIWKI, it crumbles to dust.
You hear a loud clanging noise!
It was a scroll of noise.
You die...

## .. .# #.#
##=.# ##..#
#.@#
#.#####.#######
#.......#.....#
####.<........#
##.###..#..#
#.. #†#.##.#
#.# #.##[#.# #.
#..#...# #.
##...###


There were no monsters in sight!

Vanquished Creatures
  A phantom (D:2)
  A worm (D:2)
  A dart slug (D:1)
  An orc (D:2)
  6 ball pythons
  2 bats (D:1)
  6 endoplasms
  3 goblins
  2 hobgoblins
  2 jackals (D:2)
  2 quokkas (D:1)
  7 frilled lizards (D:1)
  5 kobolds (D:1)
  3 rats (D:1)
42 creatures vanquished.

Notes
Turn   | Place    | Note
-------+----------+-------------------------------------------
     0 | D:1      | cbfl8 the Minotaur Fighter began the quest for the Orb.
     0 | D:1      | Reached XP level 1. HP: 19/19 MP: 0/0
   102 | D:1      | Reached XP level 2. HP: 27/27 MP: 1/1
   537 | D:1      | Reached XP level 3. HP: 25/33 MP: 2/2
   997 | D:2      | Noticed a phantom
  1025 | D:2      | Killed a phantom
  1026 | D:2      | Reached skill level 1 in Dodging
  1026 | D:2      | Reached XP level 4. HP: 18/41 MP: 3/3
  1310 | D:2      | Found a burning altar of Makhleb.
  1526 | D:2      | HP: 2/41 [poisoned by an orc]
  1528 | D:2      | Succumbed to an orc's poison

Illustrated notes

Levels and vault maps discovered:
D:1:      dpeg_arrival_refuge, layout_basic
D:2:      layout_rooms, basic_altar, nrook_campfire, minmay_tetromino_s2

Skill      XL: |  1  2  3 |
---------------+----------+-----
Armour         | 4 |  4.5
Fighting       | 4 |  4.4
Shields        | 4 |  4.6
Axes           | 3 |  3.2
Dodging        | 1 |  1.2
Short Blades   | |  0.4
Stealth        | |  0.1

Action                   |  1- 3 |  4- 6 || total
-------------------------+-------+-------++-------
Melee: War axe           |    36 |       ||    36
       Headbutt          |    14 |     5 ||    19
       Dagger            |    43 |    29 ||    72
  Use: Potion            |       |     4 ||     4
       Scroll            |       |     2 ||     2
Armor: Scale mail        |    39 |     8 ||    47
Dodge: Dodged            |    27 |     5 ||    32
Block: Kite shield       |    53 |     8 ||    61
